 Dungeon Crawl Stone Soup version 0.21-a0-104-g7b58145 (webtiles) character file.

1675 HAL9000 the Basher (level 9, 0/81 (83) HPs)
             Began as an Ogre Hunter on July 5, 2017.
             Was a Follower of Trog.
             Shot with a sling bullet by Joseph (14 damage)
             ... on level 7 of the Dungeon.
             The game lasted 00:11:53 (7241 turns).

HAL9000 the Basher (Ogre Hunter)                    Turns: 7241, Time: 00:11:54

HP:   0/81 (83)     AC:  3    Str: 21    XL:     9   Next: 1%
MP:   9/9           EV: 10    Int: 12    God:    Trog [*.....]
Gold: 171           SH:  0    Dex:  9    Spells: 8/8 levels left

rFire    . . .     SeeInvis .   i - +1 whip (elec)
rCold    . . .     Gourm    .   (no shield)
rNeg     . . .     Faith    .   b - +0 robe
rPois    .         Spirit   .   (helmet restricted)
rElec    .         Reflect  .   (no cloak)
rCorr    .         Harm     .   (gloves unavailable)
MR       .....                  (boots unavailable)
Stlth    +.........             (no amulet)
HPRegen  0.23/turn              (no ring)
MPRegen  0.11/turn              (no ring)

@: no status effects
A: unfitting armour, tough skin 1
a: Berserk, Burn Spellbooks, Renounce Religion


You were on level 7 of the Dungeon.
You worshipped Trog.
Trog was aware of your devotion.
You were hungry.

You visited 1 branch of the dungeon, and saw 7 of its levels.

You collected 360 gold pieces.
You spent 189 gold pieces at shops.

Inventory:

Hand Weapons
 i - a +1 whip of electrocution (weapon)
 w - a +0 flail
Missiles
 c - 5 large rocks (quivered)
 d - 2 throwing nets
 K - 4 javelins
Armour
 b - a +0 robe (worn)
Wands
 y - a wand of confusion (31/48)
 U - a wand of enslavement (16/24)
 X - a wand of disintegration (14/24)
Scrolls
 k - 2 scrolls of enchant weapon {unknown}
 o - a scroll of amnesia {unknown}
 q - 3 scrolls of enchant armour {unknown}
 r - 2 scrolls of teleportation
 s - 2 scrolls of random uselessness {unknown}
 B - a scroll of fear {unknown}
 E - 3 scrolls of remove curse
 F - 3 scrolls of identify
 G - 2 scrolls of immolation {unknown}
 I - 2 scrolls of magic mapping {unknown}
 J - a scroll of noise {unknown}
 Q - a scroll of fog {unknown}
Potions
 l - a potion of flight
 p - a potion of might
 t - 3 potions of magic
 u - 5 potions of curing
 A - a potion of cancellation
 C - a potion of agility
 O - 3 potions of heal wounds
 S - a potion of mutation {unknown}
 T - a potion of lignification {unknown}
Books
 H - a book of Minor Magic

   Spells                             Type                      Level
   a - Magic Dart                     Conjuration                  1
   b - Blink                          Translocation                2
   c - Call Imp                       Summoning                    2
   d - Slow                           Hexes                        2
   e - Conjure Flame                  Conjuration/Fire             3
   f - Mephitic Cloud                 Conjuration/Poison/Air       3
   Trog disapproves of the use of such an item.
 V - a book of Cantrips

   Spells                             Type                      Level
   a - Confusing Touch                Hexes                        1
   b - Animate Skeleton               Necromancy                   1
   c - Summon Small Mammal            Summoning                    1
   d - Apportation                    Translocation                1
   Trog disapproves of the use of such an item.
 W - a book of Necromancy

   Spells                             Type                      Level
   a - Pain                           Necromancy                   1
   b - Animate Skeleton               Necromancy                   1
   c - Vampiric Draining              Necromancy                   3
   d - Regeneration                   Charms/Necromancy            3
   e - Animate Dead                   Necromancy                   4
   f - Control Undead                 Necromancy                   4
   Trog disapproves of the use of such an item.
Comestibles
 f - 3 bread rations
 x - 3 meat rations
 z - 3 royal jellies


   Skills:
 - Level 3.6 Fighting
 + Level 10.0 Maces & Flails
 - Level 4.0 Throwing
 - Level 1.7 Dodging
 - Level 0.6 Stealth


You had 8 spell levels left.
You didn't know any spells.

Dungeon Overview and Level Annotations

Branches:
Dungeon (7/15)
 Temple: D:4-7

Altars:
Ashenzari
Dithmenos
Makhleb
Ru
Sif Muna
Trog
Wu Jian
Xom

Shops:
D:5 *:=(

Annotations:
D:7 Joseph


Innate Abilities, Weirdness & Mutations

You are too large for most types of armour.
You have tough skin. (AC +1)


Message History

Press: ? - help, Shift-Dir - straight line, f/p - Joseph
Aim: Joseph, wielding a hunting sling and wearing a glowing ring mail (moderately wounded)
You throw a large rock. The large rock hits Joseph.
Joseph is moderately wounded.
Joseph shoots a sling bullet.
The sling bullet barely misses you.
Joseph shoots a sling bullet.
The sling bullet hits you but does no damage.
Throwing (i - inventory. (,) - cycle):
c - 6 large rocks (quivered)
Press: ? - help, Shift-Dir - straight line, f/p - Joseph
Aim: Joseph, wielding a hunting sling and wearing a glowing ring mail (moderately wounded)
You throw a large rock. The large rock barely misses Joseph.
Joseph shoots a sling bullet.
The sling bullet hits you!!
* * * LOW HITPOINT WARNING * * *
Unknown command.
Throwing (i - inventory. (,) - cycle):
c - 5 large rocks (quivered)
Press: ? - help, Shift-Dir - straight line, f/p - Joseph
Aim: Joseph, wielding a hunting sling and wearing a glowing ring mail (moderately wounded)
Okay, then.
Joseph shoots a sling bullet.
The sling bullet hits you!
You die...

####... #....(# #
..###....(#.#
........@..# #.....#
#..(..# #.....###
###########((.......
.......<.@(...[......
..........(....$.....
............####.....
....######### .....
... ..... .. .. .


You could see Joseph.

Vanquished Creatures
  A black bear (D:6)
  2 sky beasts
  A necrophage (D:6)
  3 phantoms
  A bullfrog (D:5)
  A scorpion (D:4)
  2 water moccasin skeletons
  4 wights (D:4)
  A jelly (D:5)
  A howler monkey (D:4)
  2 crimson imps (D:5)
  The ghost of 4thArraOfDagon the Ruffian, a weakling VSWn (D:5)
  3 hounds
  An orc priest (D:5)
  A gnoll shaman (D:6)
  A bullfrog skeleton (D:4)
  Terence (D:3)
  3 orc wizards
  A worker ant (D:5)
  A worker ant zombie (D:5)
  4 adders
  7 gnolls
  A howler monkey skeleton (D:5)
  An adder skeleton (D:5)
  2 worms
  3 dart slugs
  15 orcs
  A giant cockroach (D:3)
  5 goblins
  4 hobgoblins
  5 quokkas
  A ball python (D:1)
  A ball python skeleton (D:4)
  4 bats
  9 frilled lizards
  5 kobolds
  2 leopard gecko skeletons
  5 rats
107 creatures vanquished.

Notes
Turn   | Place    | Note
-------+----------+-------------------------------------------
     0 | D:1      | HAL9000 the Ogre Hunter began the quest for the Orb.
     0 | D:1      | Reached XP level 1. HP: 22/22 MP: 1/1
   373 | D:1      | Reached XP level 2. HP: 28/31 MP: 2/2
   428 | D:1      | Reached skill level 1 in Maces & Flails
  1053 | D:2      | Found a deep blue altar of Sif Muna.
  1129 | D:2      | Found a burning altar of Makhleb.
  1140 | D:2      | Reached skill level 2 in Maces & Flails
  1140 | D:2      | Reached XP level 3. HP: 25/37 MP: 3/3
  1305 | D:2      | Reached XP level 4. HP: 40/46 MP: 4/4
  1731 | D:2      | Reached skill level 3 in Maces & Flails
  1885 | D:3      | Noticed Terence
  2205 | D:3      | Reached XP level 5. HP: 34/53 MP: 5/5
  2400 | D:3      | Killed Terence
  2400 | D:3      | Reached skill level 4 in Maces & Flails
  2523 | D:3      | Found a sacrificial altar of Ru.
  3130 | D:4      | Found a bloodstained altar of Trog.
  3130 | D:4      | Found an ornate altar of the Wu Jian Council.
  3166 | D:4      | Became a worshipper of Trog the Wrathful
  3236 | D:4      | Reached XP level 6. HP: 52/61 MP: 6/6
  3244 | D:4      | Reached skill level 5 in Maces & Flails
  3263 | D:4      | Found a shimmering altar of Xom.
  4019 | D:4      | Reached skill level 6 in Maces & Flails
  4019 | D:4      | Reached XP level 7. HP: 30/67 MP: 7/7
  4054 | D:4      | HP: 2/67 [orc wizard/magic dart (6)]
  4657 | D:4      | Reached skill level 7 in Maces & Flails
  4912 | D:5      | Entered Level 5 of the Dungeon
  5005 | D:5      | Noticed 4thArraOfDagon's ghost (weakling VSWn)
  5008 | D:5      | Killed 4thArraOfDagon's ghost
  5024 | D:5      | Reached XP level 8. HP: 60/76 MP: 8/8
  5081 | D:5      | Found Emapruc's Book Shoppe.
  5157 | D:5      | Found Mampufra's General Store.
  5162 | D:5      | Bought a potion of curing for 36 gold pieces
  5162 | D:5      | Bought 4 large rocks for 33 gold pieces
  5162 | D:5      | Bought 2 potions of heal wounds for 120 gold pieces
  5234 | D:5      | Found Tinet's Jewellery Shoppe.
  5256 | D:5      | Reached skill level 8 in Maces & Flails
  5370 | D:5      | Found Peptutt's Antique Weapon Emporium.
  5421 | D:5      | Reached * piety under Trog
  6060 | D:5      | Found a shadowy altar of Dithmenos.
  6371 | D:6      | Reached skill level 9 in Maces & Flails
  6382 | D:6      | Found a shattered altar of Ashenzari.
  7147 | D:6      | Reached skill level 10 in Maces & Flails
  7147 | D:6      | Reached XP level 9. HP: 67/81 MP: 9/9
  7229 | D:7      | Noticed Joseph
  7241 | D:7      | Shot with a sling bullet by Joseph

Vault maps used:
D:1:      sevenhm_arrival_forest_fort_large_2, minmay_cut_off
D:2:      makhleb_heckhound_becter, lemuel_doored_altar
D:3:      wad_pebble_path, first_bread, nicolae_ru_sacrificial_ziggurat,
          uniq_terence
D:4:      amethyst_overflow_temple_binary, xom_teletrap_fun, enter_ossuary_5
D:5:      serial_shops, shop, nicolae_shop_statue_plus, shop, shop,
          grunt_dithmenos_smoke, uniq_crazy_yiuf_cottage
D:6:      basic_altar
D:7:      grunt_temple_overflow_diamond, minmay_temple_entry_fiery, uniq_joseph

Skill      XL: |  1  2  3  4  5  6  7  8 |
---------------+-------------------------+-----
Fighting       | 3 |  3.6
Maces & Flails | 2 3 4 6 7 10 | 10.0
Throwing       | |  4.0
Dodging        | |  1.7
Stealth        | |  0.6

Action                   |  1- 3 |  4- 6 |  7- 9 || total
-------------------------+-------+-------+-------++-------
Melee: Short sword       |    33 |       |       ||    33
       Whip              |    53 |   147 |   182 ||   382
Throw: Large rock        |       |     5 |    12 ||    17
  Use: Scroll            |       |    11 |       ||    11
       Potion            |       |       |     1 ||     1
  Eat: Bread ration      |       |     1 |       ||     1
       Chunk             |       |     5 |     8 ||    13
       Fruit             |       |       |     2 ||     2
Armor: Robe              |    28 |    22 |    15 ||    65
Dodge: Dodged            |    50 |    70 |    58 ||   178
